 Dungeon Crawl Stone Soup version 0.31.0-32-g396128a36d (webtiles) character file.

Game seed: 8699750728547936461

1421 monsoonserge the Firebug (level 8, 0/54 HPs)
             Began as an Octopode Cinder Acolyte on Apr 5, 2024.
             Was a High Priest of Ignis.
             Slain by a vault guard
             ... wielding a +0 broad axe
              (16 damage)
             ... in a bailey.
             The game lasted 00:16:26 (4360 turns).

monsoonserge the Firebug (Octopode Cinder Acolyte)  Turns: 4360, Time: 00:16:27

Health: 0/54       AC:  1    Str: 16    XL:     8   Next: 72%
Magic:  3/11       EV: 18    Int: 16    God:    Ignis [*****.]
Gold:   317        SH:  0    Dex: 13    Spells: 6/11 levels left

rFire   + . .        u - +2 spear (flame)
rCold   . . .        (no shield)
rNeg    . . .        (helmet restricted)
rPois   .            (no amulet)
rElec   .            j - +6 ring of dexterity
rCorr   .            r - +5 ring of evasion
SInv    .            (no ring)
Will    .....        (no ring)
Stlth   ++++         (no ring)
HPRegen 0.29/turn    (no ring)
MPRegen 0.12/turn    (no ring)
                     (no ring)

%: no passive effects
@: no status effects
A: almost no armour, amphibious, 8 rings, camouflage 1, gelatinous body 1,
nimble swimmer 1, tentacles
a: Renounce Religion, Fiery Armour, Foxfire Swarm, Rising Flame


You were in a bailey.
You worshipped Ignis.
Ignis was extremely pleased with you.
You visited 1 branch of the dungeon, and saw 6 of its levels.
You also visited: Bailey.

You collected 317 gold pieces.

Inventory:

Hand Weapons
 a - a -1 mace of flaming
 u - a +2 spear of flaming (weapon)
Missiles
 k - 6 darts of dispersal (quivered)
Jewellery
 j - a +6 ring of dexterity (left tentacle)
 r - a +5 ring of evasion (right tentacle)
Talismans
 e - a serpent talisman
Wands
 x - a wand of flame (16)
 z - a wand of charming (4)
Scrolls
 b - 2 scrolls of enchant armour {unknown}
 g - a scroll of vulnerability {unknown}
 i - 2 scrolls of identify {unknown}
 l - a scroll of amnesia {unknown}
 n - 2 scrolls of fog
 o - a scroll of summoning {unknown}
 p - a scroll of teleportation {unknown}
 q - 2 scrolls of noise {unknown}
 s - a scroll of silence {unknown}
 y - a scroll of immolation {unknown}
Potions
 c - a potion of brilliance {unknown}
 d - a potion of heal wounds {unknown}
 f - a potion of lignification {unknown}
 h - 2 potions of degeneration {unknown}
 m - a potion of haste {unknown}
 t - 2 potions of mutation {unknown}
 v - a potion of ambrosia {unknown}
 w - 2 potions of enlightenment {unknown}
 A - a potion of berserk rage {unknown}


   Skills:
 + Level 4.0 Fighting
 - Level 3.8 Maces & Flails
 + Level 3.9 Polearms
 + Level 2.5 Dodging
 - Level 4.0 Stealth
 - Level 2.0 Spellcasting
 * Level 3.3 Conjurations
 + Level 5.2 Fire Magic
 * Level 3.2 Air Magic
 * Level 3.5 Alchemy


You had 6 spell levels left.
You knew the following spells:

 Your Spells              Type           Power      Damage    Failure   Level
a - Scorch                Fire           36%        2d6       3%          2
b - Mephitic Cloud        Conj/Alch/Air  12%        N/A       16%         3

Your spell library contained the following spells:

 Spells                   Type           Power      Damage    Failure   Level
 Mercury Vapours          Alch/Air       24%        N/A       8%          2
 Dazzling Flash           Conj/Hex       12%        N/A       32%         3
 Olgreb's Toxic Radiance  Alch           13%        N/A       43%         4
 Freezing Cloud           Conj/Ice/Air   4%         6-21      93%         5
 Silence                  Hex/Air        3%         N/A       96%         5
 Curse of Agony           Necr           1%         N/A       99%         5
 Ozocubu's Refrigeration  Ice            0%         4d7       100%        7
 Discord                  Hex            0%         N/A       100%        8


Dungeon Overview and Level Annotations

Branches:
Dungeon (7/15)             Bailey (1/1)
 Temple: D:4-7

Altars:
Fedhas

Shops:
D:1 (

Annotations:
D:5 3 runed translucent doors, flammie80's ghost, weakling FoMo Bailey Prince Ribbit


Innate Abilities, Weirdness & Mutations

You cannot wear most types of armour.
You are amphibious.
You can wear up to eight rings at the same time.
Your skin changes colour to match your surroundings (Stealth+).
Your rubbery body absorbs attacks. (AC +1, EV +1)
You are camouflaged when in or above water. (Stealth+)
You have tentacles for arms and can constrict up to eight enemies at once.


Message History

The stinking cloud engulfs the vault guard.
The stinking cloud engulfs Prince Ribbit.
Prince Ribbit is heavily wounded.
The vault guard seems less confused.
Prince Ribbit is engulfed in noxious fumes.
Prince Ribbit appears confused.
Prince Ribbit hits you!
* * * LOW HITPOINT WARNING * * *
The vault guard is engulfed in noxious fumes.
Unknown command.
Okay, then.
Aiming: Charm
Press: ? - help, Shift-Dir - straight line, f - Prince Ribbit
Aim: Prince Ribbit (noxious fumes, heavily wounded, confused, chance to affect: 31%)
Okay, then.
Unknown command.
Okay, then.
You hit the vault guard. You burn the vault guard. You grab the vault guard.
You squeeze the vault guard.
The vault guard is lightly wounded.
You constrict the vault guard, but do no damage.
Prince Ribbit is engulfed in noxious fumes.
Prince Ribbit appears confused.
Prince Ribbit misses you.
Prince Ribbit is engulfed in noxious fumes.
Prince Ribbit appears confused.
Prince Ribbit closely misses you.
You hit the vault guard. You burn the vault guard.
The vault guard is lightly wounded.
You constrict the vault guard.
Prince Ribbit is engulfed in noxious fumes.
Prince Ribbit appears confused.
Prince Ribbit closely misses you.
The vault guard is engulfed in noxious fumes.
The vault guard closely misses you.
You hit the vault guard but do no damage.
You squeeze the vault guard, but do no damage.
The vault guard is lightly wounded.
You constrict the vault guard.
Prince Ribbit is engulfed in noxious fumes.
Prince Ribbit misses you.
The vault guard is engulfed in noxious fumes.
The vault guard hits you with a +0 broad axe!
You die...

##....#~~~~~#
##.....')~~~~#####
#......#~~~)##...##
#######....##~~))..∩..#
###≈≈≈≈≈###..######.....#
##≈≈~°~~~≈≈##+#....'..∩..#
##≈~~~~~~~~~≈#......##...##
#≈~~~~~°~pF≈##.......#####
##~..☼~~.§p@#######...#
##~.~...§○~≈≈≈#..##..#
#.......)....#..#...#
.'..~...~~†~..'..#...#
..#.~~.~~≈†≈≈~~#.....##
...##...~≈≈####≈≈#....##
### ~..~≈### #########
~~~.≈## .≈


You could see 2 vault guards and Prince Ribbit (confused).

Vanquished Creatures
  A hornet (D:7)
  3 humans (Bailey)
  5 bullfrogs (Bailey)
  2 orc priests
  3 jellies
  2 hounds
  An iguana (D:4)
  4 orc wizards
  2 gnolls
  4 adders
  A shadow imp (D:7)
  2 dart slugs
  14 orcs
  3 bats (D:2)
  5 endoplasms
  4 giant cockroaches
  12 goblins
  4 hobgoblins
  5 jackals (D:2)
  3 quokkas
  7 ball pythons
  2 frilled lizards
  2 kobolds (D:1)
  7 rats
98 creatures vanquished.

Vanquished Creatures (others)
  18 foxfires (D:7)
18 creatures vanquished.

Grand Total: 116 creatures vanquished

Notes
Turn   | Place    | Note
-------+----------+-------------------------------------------
     0 | D:1      | monsoonserge the Octopode Cinder Acolyte began the quest
                  | for the Orb.
     0 | D:1      | Reached XP level 1. HP: 16/16 MP: 2/2
   163 | D:1      | Reached XP level 2. HP: 21/21 MP: 3/3
   231 | D:1      | Found Vikk's Weapon Shoppe.
   330 | D:1      | Learned a level 2 spell: Scorch
   818 | D:2      | Reached skill level 1 in Stealth
   966 | D:2      | Reached XP level 3. HP: 26/26 MP: 4/4
  1115 | D:2      | Identified the +2 leather armour "Meymyvut" {+Inv rF+
                  | Regen+}
  1836 | D:3      | Reached XP level 4. HP: 20/31 MP: 4/6
  1850 | D:3      | Learned a level 3 spell: Mephitic Cloud
  1978 | D:3      | Found a faded altar of an unknown god.
  2045 | D:3      | Reached XP level 5. HP: 36/36 MP: 2/7
  2587 | D:4      | Found a blossoming altar of Fedhas.
  2971 | D:4      | Reached skill level 1 in Conjurations
  2978 | D:4      | Reached skill level 1 in Dodging
  2978 | D:4      | Reached skill level 1 in Air Magic
  2978 | D:4      | Reached skill level 1 in Alchemy
  2978 | D:4      | Reached XP level 6. HP: 32/42 MP: 7/9
  3193 | D:5      | Entered Level 5 of the Dungeon
  3242 | D:5      | Reached skill level 1 in Polearms
  3472 | D:5      | Noticed a black bear
  3513 | D:5      | Found a runed translucent gate.
  3513 | D:5      | Found a runed translucent gate.
  3513 | D:5      | Found a runed translucent gate.
  3513 | D:5      | Noticed flammie80's ghost (weakling FoMo)
  3784 | D:5      | You fall into a shaft and drop 2 floors!
  3805 | D:7      | Noticed a hornet
  3811 | D:7      | Reached XP level 7. HP: 38/47 MP: 6/10
  3818 | D:7      | Paralysed by a hornet for 1 turns
  3818 | D:7      | Killed a hornet
  3819 | D:7      | Reached skill level 4 in Fire Magic
  3935 | D:7      | Found a flagged portal.
  3940 | Bailey   | Entered a bailey
  3943 | Bailey   | Noticed a human
  3968 | Bailey   | Noticed a human
  3980 | Bailey   | Killed a human
  3981 | Bailey   | Reached XP level 8. HP: 42/54 MP: 3/11
  4215 | Bailey   | Reached skill level 5 in Fire Magic
  4333 | Bailey   | Noticed a vault guard
  4341 | Bailey   | Noticed Prince Ribbit
  4345 | Bailey   | Noticed a vault guard
  4360 | Bailey   | Slain by a vault guard

Illustrated notes

Levels and vault maps discovered:
D:1:      dpeg_arrival_tiny_a, layout_loops_corners, serial_shops,
          nicolae_shop_statue_plus, supply_closet_lemuel
D:2:      layout_basic
D:3:      layout_loops_corners, shapermc_ecumenical_altar_gd
D:4:      layout_cave_pools, mainiacjoe_overflow_boulevard
D:5:      layout_basic, ebering_ghost_rock_garden
D:7:      layout_rooms, chequers_temple_overflow_statue_of_worship,
          enter_bailey_3, hangedman_decor_slide_cut
Bailey:   bailey_axe_froggy_fort_hellmonk, bailey

Skill      XL: |  1  2  3  4  5  6  7  8 |
---------------+-------------------------+-----
Stealth        | 1 2 3 4 |  4.0
Conjurations   | 1 2 3 |  3.3
Dodging        | 1 2 |  2.5
Spellcasting   | 2 |  2.0
Air Magic      | 1 2 3 |  3.2
Alchemy        | 1 2 3 |  3.5
Polearms       | 1 3 |  3.9
Fire Magic     | 4 5 |  5.2
Fighting       | 4 |  4.0
Maces & Flails | |  3.8

Action                     |  1- 3 |  4- 6 |  7- 9 || total
---------------------------+-------+-------+-------++-------
  Melee: Mace              |    57 |    25 |       ||    82
         Tentacles         |     8 |    16 |    13 ||    37
         Constrict         |    10 |    15 |    11 ||    36
         Spear             |       |    54 |    48 ||   102
         Punch             |       |       |     2 ||     2
   Cast: Scorch            |       |    13 |    17 ||    30
         Mephitic Cloud    |       |       |     3 ||     3
 Invoke: Foxfire Swarm     |       |     1 |       ||     1
         Fiery Armour      |       |       |     1 ||     1
  Evoke: Wand              |       |       |     4 ||     4
    Use: Scroll            |       |     1 |       ||     1
   Stab: Sleeping          |    11 |     5 |       ||    16
         Distracted        |       |     1 |       ||     1
 Armour: Skin              |    18 |    28 |    23 ||    69
  Dodge: Dodged            |    26 |    58 |    37 ||   121
